 Dungeon Crawl Stone Soup version 0.28-a0-726-g4a9143789a (webtiles) character file.

Game seed: 3659753047037554657

65009 kae the Severer (level 15, -11/126 HPs)
             Began as a Hill Orc Cinder Acolyte on Oct 27, 2021.
             Was an Elder of Ignis.
             Killed from afar by Jorgrun (32 damage)
             ... with an iron shot
             ... on level 12 of the Dungeon.
             The game lasted 00:25:48 (35690 turns).

kae the Severer (Hill Orc Cinder Acolyte)          Turns: 35690, Time: 00:25:49

Health: -11/126    AC: 21    Str: 20    XL:     15   Next: 15%
Magic:  20/24      EV:  7    Int: 21    God:    Ignis [****..]
Gold:   1456       SH: 15    Dex:  7    Spells: 20/26 levels left

rFire   + . .      SeeInvis .   q - +10 hand axe of Diet Blood {freeze, Int+4}
rCold   + . .      Faith    .   x - +2 kite shield
rNeg    . . .      Spirit   .   i - +3 scale mail {rC+}
rPois   .          Reflect  +   F - +0 hat {Will+}
rElec   .          Harm     .   n - +0 cloak
rCorr   .          Rampage  .   (no gloves)
Will    ++...                   (no boots)
Stlth   ..........              m - amulet of reflection
HPRegen 0.31/turn               j - +4 ring of protection
MPRegen 0.19/turn               s - +4 ring of protection

@: grasped by roots, constricted, studying Bows
A: no striking features
a: Renounce Religion, Sea of Fire, Foxfire Swarm, Rising Flame


You were on level 12 of the Dungeon.
You worshipped Ignis.
Ignis was greatly pleased with you.
You visited 2 branches of the dungeon, and saw 18 of its levels.
You also visited: Ice Cave and Volcano.

You collected 1589 gold pieces.
You spent 133 gold pieces at shops.

Inventory:

Hand Weapons
 a - a +0 hand axe of flaming
 q - the +10 hand axe of Diet Blood (weapon) {freeze, Int+4}
   (You took it off an orc on level 5 of the Dungeon)

   It freezes those it strikes, dealing additional cold damage.
   It can also slow down cold-blooded creatures.
   Int:       It affects your intelligence (+4).
 P - the +9 staff of Olgreb {rPois∞}
   (You found it on level 6 of the Lair of Beasts)

   If the wielder is skilled in Evocations, they can envenom those struck by it,
   dealing poison damage which bypasses armour.
   It enhances your poison magic.
   It grants immunity to poison.
   It can be evoked to radiate toxic energy, with effectiveness depending on
   Evocations skill.
Missiles
 p - 5 throwing nets (quivered)
Armour
 i - a +3 scale mail of cold resistance (worn)
 n - a +0 cloak (worn)
 x - a +2 kite shield (worn)
 F - a +0 hat of willpower (worn)
Jewellery
 j - a +4 ring of protection (left hand)
 m - an amulet of reflection (around neck)
 s - a +4 ring of protection (right hand)
 t - a ring of willpower
 C - an amulet of the acrobat
 H - a ring of poison resistance
 I - the ring of Aqaneling {Fly rF++ rC-}
   (You found it on level 4 of the Lair of Beasts)

   [ring of flight]

   rF:        It greatly protects you from fire.
   rC:        It makes you vulnerable to cold.
   Fly:       It grants you flight.
 L - a ring of flight
 O - a ring of willpower
 Q - a ring of protection from cold
 R - a ring of see invisible
Wands
 k - a wand of flame (100)
 u - a wand of acid (2)
 y - a wand of polymorph (3)
 A - a wand of paralysis (5)
 E - a wand of iceblast (27)
 M - a wand of digging (4)
 N - a wand of charming (8)
Scrolls
 b - 4 scrolls of identify
 f - 4 scrolls of brand weapon
 g - 4 scrolls of teleportation
 o - 3 scrolls of enchant armour
 r - 3 scrolls of summoning
 z - a scroll of enchant weapon
 B - 5 scrolls of magic mapping
 D - 7 scrolls of amnesia
Potions
 c - 6 potions of flight
 d - 4 potions of mutation
 e - 6 potions of curing
 h - 5 potions of lignification
 l - a potion of ambrosia
 v - a potion of resistance
 w - 2 potions of degeneration
 G - 2 potions of cancellation
 J - 2 potions of brilliance
 K - 2 potions of haste
 T - 2 potions of heal wounds
Miscellaneous
 S - a piece from Xom's chessboard (15/15)


   Skills:
 - Level 10.2 Fighting
 - Level 16.0 Axes
 - Level 12.4 Armour
 - Level 9.3 Dodging
 - Level 6.0 Shields
 - Level 6.1 Spellcasting
 + Level 9.8 Conjurations
 - Level 10.0 Fire Magic


You had 20 spell levels left.
You knew the following spells:

 Your Spells              Type           Power      Damage    Failure   Level
a - Scorch                Fire           96%        2d9       1%          2
b - Flame Wave            Conj/Fire      48%        3d9       12%         4

Your spell library contained the following spells:

 Spells                   Type           Power      Damage    Failure   Level
 Static Discharge         Conj/Air       27%        N/A       14%         2
 Stone Arrow              Conj/Erth      54%        3d10      26%         3
 Pain                     Necr           24%        1d5       56%         1
 Slow                     Hex            6%         N/A       71%         2
 Confusing Touch          Hex            6%         N/A       90%         3
 Lightning Bolt           Conj/Air       13%        1d27      94%         5
 Animate Armour           Summ/Erth      12%        N/A       100%        4
 Agony                    Necr           6%         N/A       100%        5
 Excruciating Wounds      Necr           3%         N/A       100%        5
 Yara's Violent Unravell  Hex/Tmut       3%         3d4       100%        5
 Summon Cactus Giant      Summ           3%         N/A       100%        6
 Lehudib's Crystal Spear  Conj/Erth      13%        10d5      100%        8
 Maxwell's Capacitive Co  Air            3%         ∞         100%        8


Dungeon Overview and Level Annotations

Branches:
Dungeon (12/15)            Temple (0/1) D:6            Lair (6/6) D:10
  Swamp (0/4) Lair:4        Snake (0/4) Lair:4        Slime (0/5) Lair:5
  IceCv (visited)         Volcano (visited)
    Orc: D:9-12

Altars:
Hepliaklqana
Makhleb
Nemelex Xobeh
Trog
Vehumet
Zin
Lugonu

Shops:
D:2 [(

Portals:
Abyss: Lair:6

Annotations:
D:8 2 runed translucent doors, exclusion: orange crystal statue
D:12 Jorgrun


Message History

You closely miss Jorgrun.
Jorgrun is moderately wounded.
Jorgrun hits you with a +0 vorpal quarterstaff.
The grasping roots constrict you!
You miss Jorgrun.
Jorgrun is moderately wounded.
Jorgrun hits you but does no damage. The grasping roots constrict you.
The grasping roots release their grip on you.
You completely miss Jorgrun.
Jorgrun is moderately wounded.
Jorgrun gestures at you while chanting.
Roots burst forth from the earth!
The grasping roots grab you! The grasping roots constrict you!
You slash Jorgrun! You freeze Jorgrun.
Jorgrun is heavily wounded.
You block Jorgrun's attack. The grasping roots constrict you!
You slash Jorgrun! You freeze Jorgrun.
Jorgrun is heavily wounded.
Casting: Scorch (safe; 1% risk of failure)
Confirm with . or Enter, or press ? or * to list all spells.
Flames lash Jorgrun.
Jorgrun is severely wounded.
Jorgrun's fire resistance burns away.
You block Jorgrun's attack. The grasping roots constrict you!
* * * LOW HITPOINT WARNING * * *
Jorgrun hits you with a +0 vorpal quarterstaff.
* * * LOW HITPOINT WARNING * * *
x2 The grasping roots constrict you.
* * * LOW HITPOINT WARNING * * *
Casting: Scorch (safe; 1% risk of failure)
Confirm with . or Enter, or press ? or * to list all spells.
Flames lash Jorgrun.
Jorgrun is burned terribly!
Jorgrun is almost dead.
Jorgrun gestures at you while chanting.
You easily resist.
The grasping roots constrict you.
* * * LOW HITPOINT WARNING * * *
Jorgrun points at you and mumbles some strange words.
The iron shot hits you!!
You die...

#....<.....#
#..........#
#..........#
########.###
#######...##
#......$...#
#?.........#
#....}.....#
#...@......#
#..g.......#
#..........#
#...../....+
#.........:#
######+#####


You could see Jorgrun (combustible).

Vanquished Creatures
  Gastronok (D:9)
  A white draconian (IceCv)
  Josephine (Lair:4)
  4 boulder beetles
  3 hydras
  A catoblepas (Lair:6)
  An ogre mage (Volcano)
  8 two-headed ogres
  9 death yaks
  2 thrashing horrors (Lair:6)
  Urug (Lair:1)
  Sonja (Lair:1)
  A hell knight (Volcano)
  Nergalle (Lair:1)
  Pikel (D:8)
  2 bog bodies (Lair:4)
  A deep elf pyromancer (D:10)
  An oklob plant (D:10)
  2 ugly things (Lair:6)
  Joseph (D:8)
  2 ice statues (IceCv)
  A guardian serpent (Lair:4)
  A black mamba (shapeshifter) (D:11)
  2 torpor snails
  Maurice (D:9)
  3 black mambas
  10 cane toads
  Maggie (D:8)
  3 smoke demons (Lair:6)
  A gargoyle (D:11)
  A rime drake (shapeshifter) (Lair:6)
  Psyche (D:7)
  15 komodo dragons
  7 rime drakes
  4 ancient zymes (Lair:6)
  4 trolls
  16 blink frogs
  A hornet (D:10)
  22 dream sheep
  A ynoxinul (Lair:6)
  A spriggan (Lair:6)
  A vampire (D:11)
  30 yaks
  6 wyverns
  4 wraiths (Lair:4)
  Grum (D:9)
  8 basilisks
  A fire elemental (Lair:6)
  6 fire bats (Volcano)
  13 small abominations (Lair:6)
  2 steam dragons
  4 vampire mosquitoes (D:11)
  A chaos spawn (Lair:6)
  Edmund (D:5)
  8 water moccasins
  4 orc warriors
  A sky beast (D:5)
  2 large abominations (Lair:6)
  An ice beast (D:7)
  4 black bears
  3 ogres (D:6)
  A centaur (D:8)
  A phantom (D:5)
  23 wolves
  4 lemures (D:8)
  A kobold brigand (D:5)
  11 bullfrogs
  2 gnoll sergeants
  A two-headed ogre simulacrum (D:11)
  A water moccasin zombie (D:6)
  2 wyvern zombies (D:9)
  A scorpion (D:4)
  A wyvern skeleton (D:6)
  4 wights
  3 lindwurm simulacra (IceCv)
  2 electric eels
  9 howler monkeys
  5 lava snakes (Volcano)
  3 centaur zombies
  4 komodo dragon simulacra (IceCv)
  A gnoll shaman (D:7)
  3 hounds (D:5)
  2 jellies
  A bullfrog skeleton (D:7)
  3 orc priests
  A centaur skeleton (D:6)
  Terence (D:3)
  4 orc wizards
  A spriggan simulacrum (D:11)
  2 hound skeletons (D:5)
  A howler monkey zombie (D:6)
  Robin (D:3)
  8 acid dragon simulacra (IceCv)
  22 gnolls
  4 adders
  A shadow imp (D:7)
  A white imp (D:5)
  6 steam dragon simulacra (IceCv)
  3 worms (D:2)
  2 dart slugs (D:2)
  23 orcs
  3 ball pythons
  6 endoplasms
  3 giant cockroaches
  11 goblins
  10 hobgoblins
  12 jackals
  10 kobolds
  6 quokkas
  8 bats
  5 frilled lizards
  22 rats
  2 butterflies
510 creatures vanquished.

Vanquished Creatures (others)
  A basilisk (Lair:6)
  10 foxfires (Lair:6)
  20 fungi
  65 plants
96 creatures vanquished.

Grand Total: 606 creatures vanquished

Notes
Turn   | Place    | Note
-------+----------+-------------------------------------------
     0 | D:1      | kae the Hill Orc Cinder Acolyte began the quest for the
                  | Orb.
     0 | D:1      | Reached XP level 1. HP: 19/19 MP: 2/2
   210 | D:1      | Reached XP level 2. HP: 13/27 MP: 3/3
   215 | D:1      | Learned a level 2 spell: Scorch
   825 | D:1      | Found a faded altar of an unknown god.
   846 | D:1      | Reached XP level 3. HP: 32/33 MP: 1/4
  1826 | D:2      | Reached skill level 5 in Axes
  2397 | D:2      | Reached XP level 4. HP: 28/40 MP: 3/6
  2617 | D:2      | Found Vafoaq's Antique Armour Shop.
  2631 | D:2      | Bought a runed scale mail for 133 gold pieces
  2779 | D:2      | Found Esimek's Weapon Shop.
  3367 | D:3      | Noticed Terence
  3381 | D:3      | Killed Terence
  3600 | D:3      | Reached XP level 5. HP: 46/46 MP: 4/7
  3633 | D:3      | Reached skill level 1 in Armour
  3721 | D:3      | Noticed Robin
  3732 | D:3      | Killed Robin
  4252 | D:3      | Found a bloodstained altar of Trog.
  4483 | D:4      | Reached skill level 6 in Axes
  4557 | D:4      | Found a burning altar of Makhleb.
  4763 | D:3      | Reached XP level 6. HP: 38/53 MP: 1/9
  5345 | D:5      | Entered Level 5 of the Dungeon
  5657 | D:5      | Noticed Edmund
  5693 | D:5      | Killed Edmund
  5694 | D:5      | Reached XP level 7. HP: 29/60 MP: 0/10
  5929 | D:5      | Reached skill level 5 in Fighting
  5935 | D:5      | Reached skill level 7 in Axes
  6018 | D:5      | Reached skill level 5 in Fire Magic
  6132 | D:5      | Identified the +10 hand axe of Diet Blood {freeze, Int+4}
  6516 | D:5      | Identified the +4 ring mail "Ewalin" {*Corrode Dex+5}
  6524 | D:5      | Reached XP level 8. HP: 69/69 MP: 12/12
  6737 | D:6      | Found a staircase to the Ecumenical Temple.
  6780 | D:6      | Reached skill level 8 in Axes
  7276 | D:5      | Reached skill level 9 in Axes
  7698 | D:6      | Reached XP level 9. HP: 58/78 MP: 9/14
  8291 | D:7      | Reached skill level 10 in Axes
  8321 | D:7      | Found a radiant altar of Vehumet.
  8446 | D:7      | You fall into a shaft and drop 1 floor!
  8710 | D:8      | Noticed Pikel
  8739 | D:8      | Killed Pikel
  9032 | D:7      | Reached skill level 11 in Axes
 10302 | D:8      | Noticed Maggie
 10304 | D:8      | Noticed a troll
 10377 | D:8      | Noticed Psyche
 10391 | D:7      | Killed Psyche
 10392 | D:7      | Reached skill level 1 in Shields
 10576 | D:8      | Found the +10 tower shield of Ignorance {rN+ Int-4}
 10592 | D:8      | Reached XP level 10. HP: 81/88 MP: 12/16
 10714 | D:8      | Found a runed translucent door.
 10716 | D:8      | Noticed Joseph
 10741 | D:8      | Killed Joseph
 10742 | D:8      | Reached skill level 12 in Axes
 10921 | D:8      | Noticed an orange crystal statue
 11445 | D:8      | Killed Maggie
 11663 | D:8      | Found a runed translucent door.
 11798 | D:8      | Found a sparkling altar of Nemelex Xobeh.
 11798 | D:8      | Found a glowing silver altar of Zin.
 11827 | D:9      | Noticed Gastronok
 11848 | D:9      | Killed Gastronok
 11849 | D:9      | Reached skill level 5 in Spellcasting
 11932 | D:9      | Reached skill level 13 in Axes
 12269 | D:9      | Noticed Grum
 12290 | D:9      | Killed Grum
 12291 | D:9      | Reached XP level 11. HP: 44/97 MP: 5/19
 12479 | D:9      | Noticed a two-headed ogre
 12486 | D:9      | Killed a two-headed ogre
 12600 | D:9      | Noticed Maurice
 12610 | D:9      | Killed Maurice
 13055 | D:10     | Entered Level 10 of the Dungeon
 13132 | D:10     | Noticed an oklob plant
 13197 | D:10     | Found a hazy altar of Hepliaklqana.
 13486 | D:10     | Noticed a two-headed ogre
 13496 | D:10     | Killed a two-headed ogre
 13497 | D:10     | Reached skill level 14 in Axes
 13602 | D:10     | Found a staircase to the Lair.
 13643 | D:10     | Reached skill level 5 in Shields
 13773 | D:10     | Noticed a two-headed ogre
 13783 | D:10     | Killed a two-headed ogre
 13967 | D:10     | Noticed a deep elf pyromancer
 13982 | D:10     | Killed a deep elf pyromancer
 14622 | D:10     | Killed an oklob plant
 14812 | Lair:1   | Entered Level 1 of the Lair of Beasts
 14899 | Lair:1   | Reached skill level 10 in Fighting
 15107 | Lair:1   | Noticed Urug
 15116 | Lair:1   | HP: 4/99 [Urug (23)]
 15669 | Lair:1   | Killed Urug
 16017 | Lair:1   | Noticed Nergalle
 16032 | Lair:1   | Killed Nergalle
 16033 | Lair:1   | Reached skill level 15 in Axes
 16033 | Lair:1   | Reached XP level 12. HP: 90/106 MP: 19/21
 16291 | Lair:1   | Noticed Sonja
 16299 | Lair:1   | Killed Sonja
 16900 | Lair:1   | Reached skill level 10 in Fire Magic
 16971 | Lair:2   | Reached skill level 16 in Axes
 17053 | Lair:2   | Noticed a four-headed hydra
 17102 | Lair:1   | Killed a four-headed hydra
 17103 | Lair:1   | Reached skill level 1 in Dodging
 17831 | Lair:2   | Reached skill level 5 in Armour
 17843 | Lair:2   | HP: 5/106 [poisoned by a black mamba]
 19162 | Lair:3   | Noticed a death yak
 19163 | Lair:3   | Noticed a death yak
 19166 | Lair:3   | Noticed a death yak
 19168 | Lair:3   | Noticed a death yak
 19170 | Lair:3   | Noticed a death yak
 19503 | Lair:2   | Killed a death yak
 19505 | Lair:2   | Killed a death yak
 19506 | Lair:2   | Reached skill level 5 in Dodging
 19877 | Lair:2   | Killed a death yak
 19878 | Lair:2   | Reached XP level 13. HP: 75/113 MP: 22/22
 20803 | Lair:3   | HP: 1/113 [torpor snail (6)]
 20808 | Lair:3   | HP: 5/113 [rime drake (2)]
 20815 | Lair:3   | HP: 2/113 [torpor snail (8)]
 22654 | Lair:4   | Found a staircase to the Snake Pit.
 23168 | Lair:4   | Found a staircase to the Swamp.
 23248 | Lair:4   | Noticed Josephine
 23266 | Lair:4   | Killed Josephine
 23525 | Lair:4   | Reached skill level 10 in Armour
 23793 | Lair:4   | Identified the ring of Aqaneling {Fly rF++ rC-}
 23797 | Lair:4   | You fall into a shaft and drop 1 floor!
 23980 | Lair:5   | Found a staircase to the Slime Pits.
 24037 | Lair:5   | Found a dark tunnel.
 24060 | Volcano  | Entered a volcano
 24564 | Volcano  | Reached XP level 14. HP: 95/121 MP: 15/23
 25134 | Volcano  | Found a burning altar of Makhleb.
 25158 | Volcano  | Found a burning altar of Makhleb.
 27167 | Lair:4   | Learned a level 4 spell: Flame Wave
 27222 | Lair:6   | Entered Level 6 of the Lair of Beasts
 27232 | Lair:6   | Reached skill level 1 in Conjurations
 28304 | Lair:6   | Reached skill level 5 in Conjurations
 29735 | Lair:6   | Found a one-way gate to the infinite horrors of the Abyss.
 29738 | Lair:6   | Found a corrupted altar of Lugonu.
 30451 | Lair:6   | Found the +9 staff of Olgreb {rPois∞}
 32540 | D:11     | Found a frozen archway.
 32750 | IceCv    | Entered an ice cave
 33547 | IceCv    | Reached XP level 15. HP: 89/126 MP: 24/24
 35672 | D:12     | Noticed Jorgrun
 35690 | D:12     | Killed from afar by Jorgrun

Illustrated notes

Levels and vault maps discovered:
D:1:      dpeg_arrival_oval, layout_basic, hellmonk_ecumenical_altar_lost_god,
          minmay_misc_feat_square, minmay_pentomino_u4
D:2:      layout_basic, serial_shops, shop, nicolae_shop_window_shopping
D:3:      layout_loops_cross, lemuel_crystal_altar, roderic_malta_cross,
          minmay_rat_hole, uniq_terence, uniq_robin
D:4:      layout_cave_pools, amcnicky_altar_gilded, minivault_5
D:5:      layout_basic, lexackson_kobold_supper, uniq_edmund
D:6:      layout_basic, minmay_temple_entry_statues
D:7:      layout_loops_ring, vehumet_crystals
D:8:      layout_loops_corners, gammafunk_temple_overflow_elements,
          chequers_guarded_unrand_ignorance, uniq_joseph, uniq_psyche,
          uniq_maggie, uniq_pikel
D:9:      layout_roguey, uniq_grum, uniq_gastronok, uniq_maurice
D:10:     layout_loops_ring, mainiacjoe_overflow_paths, dpeg_oklobed_lair
D:11:     layout_cave_pods, portal_ice_cave_entry_ice_simulacra
D:12:     layout_roguey, erik_orc_3, enter_trove_0, nicolae_zen_rock_garden,
          uniq_jorgrun
Lair:1:   layout_loops_ring, nicolae_lair_grove_arrangements, uniq_nergalle,
          uniq_urug, uniq_sonja
Lair:2:   layout_gridlike, infiniplex_staircase_pool
Lair:3:   layout_concentric_octagons, lemuel_fruit_fields, grunt_megastairs_5
Lair:4:   layout_misc_corridors, skrybe_swamp_entry_bodies,
          minmay_snake_entry_spellcaster, lemuel_fruit_fields,
          grunt_megastairs_4, uniq_josephine
Lair:5:   layout_hall_layers, slime_dummy, nicolae_volcano_entry_hallway,
          beast_lair_carwin_6, wad_woods_river_01
Lair:6:   hellmonk_lair_end_abyssal_woods, layout_gridlike

Skill      XL: |  1  2  3  4  5  6  7  8  9 10 11 12 13 14 15 |
---------------+----------------------------------------------+-----
Fighting       | 4 5 6 8 9 10 | 10.2
Axes           | 5 6 7 9 11 13 15 16 | 16.0
Fire Magic     | 4 5 6 7 8 9 10 | 10.0
Armour         | 1 2 3 7 11 12 | 12.4
Spellcasting   | 2 3 4 5 6 |  6.1
Shields        | 1 4 6 |  6.0
Dodging        | 5 8 9 |  9.3
Conjurations   | 8 9 |  9.8

Action                   |  1- 3 |  4- 6 |  7- 9 | 10-12 | 13-15 || total
-------------------------+-------+-------+-------+-------+-------++-------
Melee: Hand axe          |    81 |   187 |   209 |   371 |   874 ||  1722
 Cast: Scorch            |    28 |    36 |    75 |   124 |   152 ||   415
       Flame Wave        |       |       |       |       |    14 ||    14
Invok: Sea of Fire       |       |       |       |       |     1 ||     1
       Rising Flame      |       |       |       |       |     1 ||     1
       Foxfire Swarm     |       |       |       |       |     1 ||     1
Evoke: Wand              |       |       |       |     5 |    13 ||    18
  Use: Scroll            |       |    15 |     3 |     4 |     8 ||    30
       Potion            |       |       |       |     2 |     3 ||     5
 Stab: Paralysed         |       |       |       |     2 |    39 ||    41
Armor: Robe              |    26 |       |       |       |       ||    26
       Scale mail        |       |   123 |   151 |   199 |   364 ||   837
Dodge: Dodged            |    56 |   106 |   103 |   188 |   378 ||   831
Block: Kite shield       |       |       |     5 |   280 |   529 ||   814
       Reflection        |       |       |       |       |     3 ||     3

Table legend: (Time is in decaauts)
 A = Elapsed time spent in this place.
 B = Non-inter-level travel time spent in this place.
 C = Inter-level travel time spent in this place.
 D = Time resting spent in this place.
 E = Time spent auto-exploring this place.
 F = Levels seen in this place.
 G = Mean time per level.
                   A        B        C        D        E       F      G
               +--------+--------+--------+--------+--------+-----+--------+
         Total |  35476 |  34774 |    702 |   9695 |  20473 |  20 | 1773.8 |
       Dungeon |  16305 |  16061 |    244 |   3215 |  10796 |  12 | 1358.8 |
          Lair |  16449 |  15992 |    457 |   5108 |   8843 |   6 | 2741.5 |
      Ice Cave |   1570 |   1570 |      0 |   1046 |    197 |   1 | 1570.0 |
       Volcano |   1150 |   1150 |      0 |    326 |    636 |   1 | 1150.0 |
               +--------+--------+--------+--------+--------+-----+--------+

Top non-repeatable levels by time:
  Lair:6: 5151 daAuts
  Lair:2: 3639 daAuts
  Lair:3: 2477 daAuts
     D:8: 2250 daAuts
  Lair:1: 1993 daAuts
     D:2: 1834 daAuts
    D:10: 1766 daAuts
  Lair:4: 1611 daAuts
  Lair:5: 1576 daAuts
   IceCv: 1570 daAuts
     D:1: 1465 daAuts
     D:5: 1455 daAuts
     D:6: 1440 daAuts
    D:11: 1359 daAuts
     D:3: 1309 daAuts
